Map: Odyssey LE

Players

Dutchkid - Winner!

  • Race: Zerg Zerg
  • League: Diamond
  • Spawn Location: 5:00

NanMarine

  • Race: Terran Terran
  • League: Diamond
  • Spawn Location: 11:00

VOD

Have the link to the VOD?

Description

this is me at my best vs mech

Time

  • Played on: Dec. 23, 2017, 6:04 a.m.
  • Length: 13:42
Show
View Real Time Build Order
Export as new Build Order

Dutchkid Zerg - Winner!

Build Orders: Hatch First, Swarm Host 

Get SALT Encoding   

  12  0:01  Drone  
  13  0:12  Overlord  
  13  0:18  Drone  
  14  0:30  Drone x2  
  14  0:34  Drone  
  17  0:52  Hatchery  
  17  0:55  Drone  
  17  0:57  Extractor  
  17  0:59  Drone  
  17  1:13  Spawning Pool  
  17  1:17  Drone  
  17  1:20  Drone  
  18  1:28  Drone  
  19  1:38  Overlord  
  19  1:49  Drone  
  20  2:00  Queen  
  22  2:04  Queen, Metabolic Boost  
  22  2:05  Zergling x2  
  26  2:08  Zergling x2  
  26  2:14  Drone  
  27  2:18  Zergling x2  
  27  2:22  Drone  
  29  2:35  Drone x2  
  31  2:45  Hatchery  
  31  2:49  Drone x3  
  33  2:55  Drone  
  33  2:58  Overlord  
  34  3:06  Spine Crawler  
  34  3:11  Queen  
  35  3:16  Queen  
  37  3:22  Zergling x8  
  37  3:24  Drone x2  
  37  3:25  Drone  
  45  3:41  Overlord x2  
  45  3:42  Overlord  
  45  3:58  Drone  
  45  3:59  Drone x2  
  48  4:04  Extractor  
  46  4:16  Drone x3  
  46  4:19  Queen  
  46  4:20  Drone  
  46  4:21  Drone x6  
  52  4:26  Queen x2  
  52  4:28  Zergling x6  
  59  4:36  Baneling Nest  
  59  4:37  Zergling x4  
  59  4:38  Zergling x2  
  61  4:44  Evolution Chamber  
  60  4:49  Zergling x4  
  60  4:50  Zergling x8  
  66  4:54  Overlord  
  66  4:56  Overlord  
  66  5:05  Spine Crawler  
  65  5:19  Lair  
  65  5:23  Zerg Melee Weapons Level 1  
  65  5:26  Drone  
  65  5:27  Drone x10  
  76  5:33  Spore Crawler  
  69  5:40  Zergling x10  
  69  5:41  Zergling x2  
  73  5:50  Extractor  
  72  5:59  Drone x3, Extractor, Evolution Chamber  
  72  6:00  Drone  
  72  6:01  Extractor  
  72  6:02  Baneling x3  
  73  6:04  Baneling x2  
  73  6:05  Baneling x6  
  73  6:06  Zergling x8  
  73  6:07  Zergling x10  
  82  6:19  Drone  
  82  6:20  Drone x2  
  82  6:23  Drone x2  
  87  6:31  Zerg Ground Armor Level 1  
  87  6:34  Zergling x6  
  87  6:36  Overlord x2  
  87  6:37  Overlord x2  
  90  6:43  Baneling x2  
  90  6:44  Baneling  
  90  6:57  Zergling x10  
  90  6:58  Zergling x4  
  97  7:11  Drone x3  
  97  7:12  Drone x3  
  103  7:24  Hatchery  
  103  7:25  Spore Crawler, Hydralisk Den  
  100  7:34  Overseer  
  98  7:44  Spore Crawler  
  97  7:57  Baneling x3  
  97  7:58  Baneling x3  
  97  8:00  Centrifical Hooks  
  97  8:02  Muscular Augments  
  97  8:04  Zerg Missile Weapons Level 1  
  97  8:07  Queen  
  72  8:33  Hydralisk x3  
  72  8:34  Hydralisk x5  
  74  8:35  Zergling x28  
  74  8:36  Infestation Pit  
  101  8:43  Extractor  
  100  8:54  Zergling x2  
  100  8:55  Zergling x16  
  109  9:03  Baneling  
  109  9:04  Baneling x5  
  109  9:07  Hydralisk  
  109  9:08  Hydralisk x5  
  109  9:09  Zergling x6  
  116  9:25  Zergling x2  
  116  9:26  Zergling x16  
  116  9:30  Hive  
  125  9:35  Drone x3  
  125  9:36  Overlord  
  128  9:44  Baneling x3  
  128  9:45  Baneling x5  
  123  9:47  Zergling x2  
  123  9:48  Zergling x6  
  127  10:00  Zerg Melee Weapons Level 2  
  127  10:01  Zerg Missile Weapons Level 2  
  110  10:22  Zergling x6  
  110  10:23  Zergling x26  
  125  10:32  Drone x7  
  125  10:35  Overlord x2  
  132  10:36  Extractor  
  132  10:39  Baneling x6  
  132  10:40  Baneling x3  
  131  10:48  Drone  
  131  10:49  Drone x2  
  134  10:52  Overlord x3  
  134  10:58  Drone x2  
  134  10:59  Drone  
  134  11:00  Overlord x2  
  134  11:01  Overlord  
  134  11:03  Baneling x2  
  134  11:04  Baneling x7  
  137  11:17  Hydralisk  
  137  11:18  Hydralisk x7  
  139  11:22  Baneling x8  
  139  11:23  Baneling  
  139  11:24  Zergling x8  
  157  11:39  Hydralisk  
  159  11:40  Hydralisk x9  
  159  11:41  Zergling x2  
  159  11:42  Zergling x2  
  179  11:50  Queen  
  179  11:52  Hatchery  
  180  12:03  Spire  
  180  12:05  Spire  
  149  12:44  Swarm Host  
  149  12:45  Swarm Host x10  
  149  12:50  Zergling x18  
  170  13:23  Baneling x8  
  170  13:24  Baneling  
Show
View Real Time Build Order
Export as new Build Order

NanMarine Terran 

Build Orders: Mech 

Get SALT Encoding   

  12  0:01  SCV  
  13  0:13  SCV  
  14  0:18  Supply Depot  
  14  0:25  SCV  
  15  0:40  SCV  
  15  0:41  Barracks  
  16  0:48  Refinery  
  16  0:52  SCV  
  17  1:04  SCV  
  18  1:16  SCV  
  19  1:28  SCV  
  19  1:31  Reaper  
  21  1:45  Orbital Command  
  21  1:47  Command Center  
  21  1:58  Refinery  
  21  2:04  Reaper  
  22  2:09  Supply Depot  
  22  2:19  SCV  
  23  2:31  SCV  
  23  2:32  Factory  
  24  2:43  SCV  
  25  2:45  Barracks Reactor  
  25  2:55  SCV, Supply Depot  
  26  3:00  Orbital Command  
  26  3:31  Command Center, Supply Depot  
  26  3:33  Hellion x2  
  30  3:35  Starport  
  30  3:36  SCV  
  30  3:55  Hellion x2  
  33  4:08  SCV  
  33  4:09  SCV  
  35  4:16  Hellion x2  
  39  4:20  SCV  
  39  4:21  SCV  
  39  4:30  Starport Tech Lab  
  39  4:32  SCV  
  39  4:33  SCV  
  39  4:34  Armory  
  39  4:37  Hellion  
  39  4:38  Supply Depot, Hellion  
  45  4:42  Factory  
  45  4:44  Orbital Command, SCV  
  46  4:55  SCV  
  46  4:56  SCV  
  46  4:59  Hellion  
  50  5:01  Hellion  
  52  5:07  Orbital Command  
  44  5:20  Cyclone  
  47  5:22  Cyclone  
  47  5:24  SCV  
  47  5:28  Factory Tech Lab, Banshee  
  51  5:30  Cloaking Field  
  54  5:36  SCV  
  54  5:37  SCV  
  54  5:45  Terran Vehicle Weapons Level 1  
  54  5:48  SCV  
  54  5:49  SCV  
  56  5:50  Siege Tank  
  56  5:52  Refinery  
  56  5:55  Refinery, Engineering Bay  
  60  5:57  SCV  
  60  6:00  SCV  
  60  6:01  SCV  
  62  6:05  Supply Depot  
  62  6:09  SCV  
  63  6:11  Banshee  
  63  6:12  SCV  
  63  6:13  Supply Depot, SCV  
  68  6:24  Missile Turret, SCV  
  69  6:32  Siege Tank  
  72  6:34  SCV  
  72  6:36  SCV  
  74  6:41  Barracks  
  74  6:45  Hellion x2  
  78  6:47  SCV  
  78  6:48  SCV  
  78  6:50  Supply Depot  
  80  6:54  SCV  
  80  6:57  Infernal Pre-Igniter  
  80  6:59  SCV  
  80  7:01  SCV  
  83  7:04  Siege Tank  
  83  7:06  SCV, Hellbat, Hellion  
  91  7:11  Supply Depot, Factory  
  91  7:13  SCV  
  92  7:15  Supply Depot  
  92  7:24  SCV  
  92  7:25  SCV  
  92  7:27  Refinery  
  92  7:28  Hellion x2  
  92  7:29  Refinery  
  98  7:36  SCV, Siege Tank  
  102  7:50  SCV x2  
  102  7:51  SCV  
  102  7:56  Hellion x2  
  108  8:00  Supply Depot  
  108  8:02  SCV  
  108  8:05  Supply Depot, Terran Vehicle And Ship Armor Level 1  
  109  8:08  Siege Tank  
  109  8:09  Factory Reactor  
  110  8:15  Factory x2  
  110  8:17  Hellion x2  
  114  8:20  Command Center  
  102  8:38  Hellion  
  102  8:39  Hellion  
  102  8:40  Siege Tank  
  109  8:48  Armory  
  109  8:51  SCV, Supply Depot  
  107  9:00  Hellion x2  
  111  9:03  SCV  
  112  9:10  Factory Tech Lab, Factory Reactor  
  112  9:12  Hellion  
  112  9:15  SCV  
  112  9:16  Hellion x2  
  104  9:21  Hellion x2  
  83  9:28  SCV  
  84  9:34  Siege Tank  
  84  9:37  Hellion  
  84  9:38  Hellion  
  88  9:40  SCV  
  88  9:43  Hellion x2  
  93  9:46  Hellion x2  
  93  9:51  Terran Vehicle Weapons Level 2  
  93  9:52  SCV  
  98  9:59  Hellion x2  
  102  10:04  SCV, Hellion x2  
  102  10:06  Siege Tank  
  110  10:07  Hellion  
  110  10:10  Hellbat x2  
  116  10:20  Hellion x2  
  86  10:28  Siege Tank  
  86  10:29  SCV  
  86  10:32  SCV  
  86  10:34  SCV  
  89  10:37  Thor  
  89  10:41  SCV  
  96  10:44  SCV  
  96  10:46  SCV  
  98  10:52  SCV  
  98  10:53  SCV  
  98  10:55  Engineering Bay  
  98  10:56  SCV  
  101  10:58  SCV  
  101  11:00  Siege Tank  
  105  11:04  SCV  
  105  11:05  SCV  
  105  11:08  SCV  
  105  11:10  SCV  
  109  11:16  SCV  
  109  11:17  SCV  
  111  11:21  SCV  
  111  11:22  SCV  
  111  11:24  Siege Tank  
  116  11:29  SCV  
  116  11:30  Planetary Fortress  
  116  11:32  Siege Tank  
  120  11:33  SCV  
  120  11:37  Hellbat x2  
  125  11:41  Supply Depot  
  125  11:42  Supply Depot x2  
  125  11:45  SCV  
  126  11:47  Hellion  
  126  11:48  Hellion x3  
  134  11:56  Siege Tank  
  134  11:57  SCV  
  134  11:59  Hellion x2  
  142  12:04  Siege Tank  
  142  12:05  Refinery x2  
  145  12:09  Cyclone x4, SCV  
  158  12:20  Cyclone x2  
  158  12:21  Supply Depot  
  165  12:28  Siege Tank  
  165  12:37  Siege Tank  
  139  12:41  Cyclone, Hellion x3  
  140  12:52  Hellbat, Hellion  
  144  13:00  Siege Tank  
  144  13:03  SCV, Hellbat x3  
  160  13:13  Hellbat x2  
  160  13:14  Hellbat  
  160  13:16  SCV  
  153  13:28  SCV  
Tags
 
Composition
MechSwarm Host
Matchup
TvZ
Spawn Locations
Cross Positions
Add a new tag
Caveats
  • Supply blocks, unpowered buildings, or Contaminate may cause inaccurate times.
  • Supply counts are checked every 10 seconds.